 Dungeon Crawl Stone Soup version 0.22-a0-406-g9ff8d77 (webtiles) character file.

271 iamserjio the Grave Robber (level 6, 0/42 (45) HPs)
             Began as a Ghoul Necromancer on May 8, 2018.
             Slain by an orc
             ... wielding a +0 mace
              (5 damage)
             ... on level 4 of the Dungeon.
             The game lasted 00:11:37 (5116 turns).

iamserjio the Grave Robber (Ghoul Necromancer)      Turns: 5116, Time: 00:11:38

HP:   0/42 (45)     AC:  6    Str: 14    XL:     6   Next: 23%
MP:   0/9           EV: 10    Int: 10    God:
Gold: 189           SH:  0    Dex:  9    Spells: 6/11 levels left

rFire    . . .     SeeInvis .     - Unarmed
rCold    + . .     Gourm    .   (no shield)
rNeg     + + +     Faith    .   o - +0 ring mail
rPois    ∞         Spirit   .   k - +0 helmet (curse)
rElec    .         Reflect  .   (no cloak)
rCorr    +         Harm     .   (no gloves)
MR       .....                  (no boots)
Stlth    +.........             (no amulet)
HPRegen  0.00/turn              p - ring of resist corrosion
MPRegen  0.11/turn              r - ring of positive energy

@: rotting, slowed, very slow
A: rotting body, claws 1, carnivore, cold resistance 1, negative energy
resistance 3, inhibited regeneration, torment resistance, unbreathing
a: no special abilities


You were on level 4 of the Dungeon.
You were hungry.

You visited 1 branch of the dungeon, and saw 4 of its levels.

You collected 189 gold pieces.

Inventory:

Hand Weapons
 w - a +0 dagger
Armour
 a - a +0 robe
 d - a +0 leather armour
 k - a cursed +0 helmet (worn)
 o - a +0 ring mail (worn)
Jewellery
 p - a ring of resist corrosion (left claw)
 r - a ring of positive energy (right claw)
Wands
 f - a wand of scattershot (6)
 t - a wand of flame (24)
Scrolls
 b - 4 scrolls of teleportation
 g - a scroll of immolation
 l - a scroll of amnesia
 q - a scroll of blinking
 u - a scroll of fog {unknown}
 v - a scroll of remove curse {unknown}
Potions
 h - a potion of heal wounds
 i - a potion of cancellation
 j - a potion of berserk rage {unknown}
 m - a potion of might {unknown}
 n - a potion of flight {unknown}
 s - a potion of lignification {unknown}
Comestibles
 c - 8 rations
 x - 2 chunks of flesh


   Skills:
 - Level 1.7 Dodging
 - Level 2.1 Stealth
 * Level 4.5 Unarmed Combat
 - Level 3.0 Spellcasting
 + Level 5.0 Necromancy


You had 6 spell levels left.
You knew the following spells:

 Your Spells              Type           Power        Failure   Level  Hunger
a - Pain                  Necr           ##..         8%          1    #......
b - Animate Skeleton      Necr           N/A          8%          1    #......
c - Vampiric Draining     Necr           ##........   22%         3    ###....


Dungeon Overview and Level Annotations

Branches:
Dungeon (4/15)
 Temple: D:4-7

Altars:


Innate Abilities, Weirdness & Mutations

Your body is rotting away.
You thrive on raw meat.
You are immune to poison.
You have sharp fingernails.
You are carnivorous and can eat meat at any time.
Your flesh is cold resistant. (rC+)
You are immune to negative energy. (rN+++)
You do not regenerate when monsters are visible.
You are immune to unholy pain and torment.
You can survive without breathing.


Message History

You kill the orc wizard!
Training target 3.0 for Spellcasting reached!
Your Spellcasting skill increases to level 3!
Your Necromancy skill increases to level 5!
The orc hits you with a mace.
* * * LOW HITPOINT WARNING * * *
The orc hits you but does no damage.
You scratch the orc.
The orc is moderately wounded.
The orc barely misses you.
You scratch the orc.
The orc is severely wounded.
The orc hits you but does no damage.
Casting: Pain (safe; 8% risk of failure)
Confirm with . or Enter, or press ? or * to list all spells.
Aiming: Pain (safe; 8% risk of failure)
Press: ? - help, Shift-Dir - straight line, f - orc
Aim: an orc, wielding a mace (heavily wounded, chance to defeat MR: 80%)
The orc writhes in agony!
The orc hits you with a mace.
You die...

,,,*,,,,***,,,,* ,,,*,_,**
*,,,,* ,,,**∩** **,,,########
,,,**********,,.......#
,,,*****,,######......##********
,,,,,**,................,,,,,,,*
,,,,,,,,...##.........###,,,,,,*
,,,,,**,.................,******
,,,,**,,.......)@.#.##.#***
,*****,,>.......o).....# ,*
*,,............#### **
**,............###
*******,....#.........#
*,,,,,,,.........>....#
*,**,,,,#####.........#
********* ,,,,,,*** #.........#
*,,,,,,,, ,,,,,**** #.........#
*,,,,,,,,


You could see an orc.

Vanquished Creatures
  An orc priest (D:3)
  An orc wizard (D:4)
  Jessica (D:3)
  Natasha (thrice) (D:3)
  4 adders
  An ooze (D:2)
  A worm (D:2)
  A dart slug (D:3)
  2 leopard geckos (D:4)
  5 orcs
  A ball python (D:1)
  6 giant cockroaches
  6 goblins
  7 hobgoblins
  7 jackals
  7 bats
  A frilled lizard (D:4)
  5 kobolds
  5 rats
65 creatures vanquished.

Notes
Turn   | Place    | Note
-------+----------+-------------------------------------------
     0 | D:1      | iamserjio the Ghoul Necromancer began the quest for the Orb.
     0 | D:1      | Reached XP level 1. HP: 14/14 MP: 2/2
   300 | D:1      | Reached skill level 1 in Unarmed Combat
   425 | D:1      | Reached XP level 2. HP: 20/20 MP: 1/3
  1260 | D:1      | Learned a level 1 spell: Animate Skeleton
  1278 | D:2      | Reached XP level 3. HP: 24/26 MP: 0/5
  3134 | D:3      | Learned a level 3 spell: Vampiric Draining
  3150 | D:3      | Reached XP level 4. HP: 14/32 MP: 0/6
  3387 | D:3      | Noticed Natasha
  3406 | D:3      | Killed Natasha
  3720 | D:3      | Noticed Natasha
  3734 | D:3      | Killed Natasha
  3734 | D:3      | Reached XP level 5. HP: 26/38 MP: 1/7
  3855 | D:3      | Noticed Natasha
  4052 | D:3      | Killed Natasha
  4177 | D:3      | Noticed Jessica
  4182 | D:3      | Killed Jessica
  4455 | D:3      | Reached XP level 6. HP: 29/45 MP: 2/9
  5113 | D:4      | Reached skill level 5 in Necromancy
  5116 | D:4      | Slain by an orc

Vault maps used:
D:1:      lightli_arrival_quake, minmay_tree_intersection
D:3:      grunt_ministairs_15, uniq_jessica, uniq_natasha
D:4:      makhleb_blood_cavern_becter, nicolae_ossuary_entry_monument

Skill      XL: |  1  2  3  4  5  6 |
---------------+-------------------+-----
Unarmed Combat | 1 2 3 4 |  4.5
Spellcasting   | 2 3 |  3.0
Necromancy     | 5 |  5.0
Dodging        | |  1.7
Stealth        | |  2.1

Action                   |  1- 3 |  4- 6 || total
-------------------------+-------+-------++-------
Melee: Unarmed           |   107 |    34 ||   141
 Cast: Pain              |    48 |    70 ||   118
       Vampiric Draining |       |     1 ||     1
  Use: Scroll            |     6 |     2 ||     8
 Stab: Sleeping          |     2 |       ||     2
  Eat: Chunk             |    13 |     6 ||    19
Armor: Robe              |     7 |       ||     7
       Leather armour    |    33 |     8 ||    41
       Ring mail         |       |    10 ||    10
Dodge: Dodged            |    89 |    36 ||   125

Table legend:
 A = Spawn XP
 B = Non-spawn XP
 C = Spawn XP percentage of total XP
 D = Spawn monster count
 E = Non-spawn monster count
 F = Spawn count percentage of total count
 G = Total turns spent on level
                    A         B        C        D         E        F      G
               +---------+---------+-------+---------+---------+-------+---------
         Total |       0 |     388 |   0.0 |       0 |      65 |   0.0 |  5116
               +---------+---------+-------+---------+---------+-------+---------
           D:1 |       0 |      26 |   0.0 |       0 |      17 |   0.0 |  1261
           D:2 |       0 |      45 |   0.0 |       0 |      14 |   0.0 |  1525
           D:3 |       0 |     267 |   0.0 |       0 |      29 |   0.0 |  2267
           D:4 |       0 |      50 |   0.0 |       0 |       5 |   0.0 |    63
               +---------+---------+-------+---------+---------+-------+---------
